 Dungeon Crawl Stone Soup version 0.25-a0-860-gf695395b5c (webtiles) character file.

Game seed: 15077962949611272207, levelgen mode: deterministic

144 kae the Conjurer (level 5, 0/28 HPs)
             Began as a Tengu Fire Elementalist on Apr 28, 2020.
             Slain by an orc (4 damage)
             ... on level 3 of the Dungeon.
             The game lasted 00:03:19 (3164 turns).

kae the Conjurer (Tengu Fire Elementalist)          Turns: 3164, Time: 00:03:19

Health: 0/28       AC:  4    Str:  9    XL:     5   Next: 26%
Magic:  1/10       EV: 12    Int: 16    God:
Gold:   122        SH:  0    Dex: 14    Spells: 9/10 levels left

rFire    . . .     SeeInvis .   (no weapon)
rCold    . . .     Gourm    .   (no shield)
rNeg     + . .     Faith    .   a - +1 robe
rPois    .         Spirit   .   (helmet restricted)
rElec    .         Reflect  .   d - +0 cloak
rCorr    .         Harm     .   (no gloves)
MR       .....                  (boots unavailable)
Stlth    ++........             (no amulet)
HPRegen  0.09/turn              f - ring of positive energy
MPRegen  0.12/turn              (no ring)

@: no status effects
A: beak, talons 3, able to fly
a: Fly


You were on level 3 of the Dungeon.
You were not hungry.

You visited 1 branch of the dungeon, and saw 3 of its levels.

You collected 122 gold pieces.

Inventory:

Armour
 a - a +1 robe (worn)
 d - a +0 cloak (worn)
 j - a +0 buckler
Jewellery
 f - a ring of positive energy (left hand)
Wands
 g - a wand of polymorph (8)
Scrolls
 b - a scroll of remove curse
 h - 2 scrolls of enchant weapon {unknown}
 l - a scroll of immolation
Potions
 e - 2 potions of flight
 i - 2 potions of stabbing {unknown}
Comestibles
 c - 8 rations


   Skills:
 - Level 2.1 Dodging
 - Level 2.0 Stealth
 + Level 3.0 Spellcasting
 * Level 4.6 Conjurations
 + Level 4.2 Fire Magic


You had 9 spell levels left.
You knew the following spells:

 Your Spells              Type           Power        Failure   Level  Hunger
a - Foxfire               Conj/Fire      ###.         3%          1    #......

Your spell library contained the following spells:

 Spells                   Type           Power        Failure   Level  Hunger
 Conjure Flame            Conj/Fire      ###.....     9%          3    ###....
 Inner Flame              Hex/Fire       #.......     24%         3    ###....
 Sticky Flame             Conj/Fire      ###.....     30%         4    #####..
 Fireball                 Conj/Fire      ###.......   63%         5    ######.


Dungeon Overview and Level Annotations

Branches:
Dungeon (3/15)

Altars:
Makhleb


Innate Abilities, Weirdness & Mutations

You have a beak for a mouth.
You have claws for feet.
You can fly continuously.


Message History

The orc closely misses you.
The foxfire hits the goblin but does no damage.
The goblin is moderately wounded.
The foxfire hits the goblin but does no damage.
The goblin is moderately wounded.
The orc misses you.
The goblin hits you with a +1 dagger of protection.
* * * LOW HITPOINT WARNING * * *
Casting: Foxfire (safe; 3% risk of failure)
Confirm with . or Enter, or press ? or * to list all spells.
You conjure some foxfire!
The goblin hits you but does no damage. The orc hits you.
* * * LOW HITPOINT WARNING * * *
The foxfire hits the goblin.
The goblin is moderately wounded.
The foxfire hits the goblin.
You kill the goblin!
Your Spellcasting skill increases to level 3!
The orc hits you.
You die...

.# ....#### ....
..........
.####...##...# ...
##########.
....##.##.....##.#
.......<...
###.##.#....g..#†#
####.###.#.
#..'.#...|.o.'.#
#.......
####.#.......#.#
########
##.##..o..##.##
##.).##...##o)†##
#.....#####..@..#
#†.#.........#..#
#.....#####.....#
##...## ##...##
##### #####


You could see an orc.

Vanquished Creatures
  A worker ant (D:3)
  Robin (D:3)
  3 adders
  An ooze (D:2)
  A worm (D:3)
  A dart slug (D:1)
  4 leopard geckos
  An orc (D:3)
  2 giant cockroaches
  14 goblins
  14 hobgoblins
  2 quokkas
  2 bats
  5 frilled lizards
  8 kobolds
  8 rats
68 creatures vanquished.

Vanquished Creatures (others)
  122 foxfires
122 creatures vanquished.

Grand Total: 190 creatures vanquished

Notes
Turn   | Place    | Note
-------+----------+-------------------------------------------
     0 | D:1      | kae the Tengu Fire Elementalist began the quest for the
                  | Orb.
     0 | D:1      | Reached XP level 1. HP: 10/10 MP: 4/4
   412 | D:1      | Reached XP level 2. HP: 14/15 MP: 3/6
   685 | D:1      | Reached XP level 3. HP: 10/19 MP: 1/7
  1509 | D:2      | Found a burning altar of Makhleb.
  1576 | D:2      | Found a faded altar of an unknown god.
  2158 | D:3      | Reached XP level 4. HP: 23/24 MP: 6/8
  2274 | D:3      | Noticed Robin
  2308 | D:3      | Killed Robin
  3057 | D:3      | Gained mutation: You can fly continuously. [Tengu growth]
  3057 | D:3      | Reached XP level 5. HP: 23/28 MP: 7/10
  3164 | D:3      | Slain by an orc

Levels and vault maps discovered:
D:1:      minmay_arrival_hallway, layout_loops_ring
D:2:      layout_basic, lightli_temple_of_fire,
          chequers_ecumenical_altar_simple, st_stairs_4, uniq_jessica
D:3:      minmay_octagon_keep, layout_basic, first_ration, uniq_robin

Skill      XL: |  1  2  3  4  5 |
---------------+----------------+-----
Conjurations   | 2 3 4 |  4.6
Fire Magic     | 4 |  4.2
Spellcasting   | 3 |  3.0
Dodging        | |  2.1
Stealth        | |  2.0

Action                   |  1- 3 |  4- 6 || total
-------------------------+-------+-------++-------
Melee: Unarmed           |    32 |    36 ||    68
       Kick              |     9 |     2 ||    11
       Peck              |     5 |     1 ||     6
 Cast: Foxfire           |    40 |    38 ||    78
  Use: Scroll            |     5 |       ||     5
       Potion            |       |     5 ||     5
 Stab: Sleeping          |     1 |       ||     1
  Eat: Chunk             |     2 |     2 ||     4
       Ration            |     1 |       ||     1
Armor: Robe              |     9 |    11 ||    20
       Skin              |       |    24 ||    24
Dodge: Dodged            |    32 |    36 ||    68

Table legend:
 A = Non-vault XP
 B = Vault XP
 C = Vault XP percentage of total XP
 D = Non-vault monster count
 E = Vault monster count
 F = Vault count percentage of total count
                 A         B        C        D         E       F
            +---------+---------+-------+---------+---------+-------
      Total |     120 |      86 |  41.7 |      46 |      22 |  32.4
            +---------+---------+-------+---------+---------+-------
        D:1 |      47 |       0 |   0.0 |      27 |       0 |   0.0
        D:2 |      22 |      11 |  33.3 |       6 |       3 |  33.3
        D:3 |      51 |      75 |  59.5 |      13 |      19 |  59.4
            +---------+---------+-------+---------+---------+-------
